 Dungeon Crawl Stone Soup version 0.28-a0-2-g643f2454ad (webtiles) character file.

Game seed: 6910752149045262763

24791 Sobieck the Thaumaturge (level 12, -13/68 HPs)
             Began as a Deep Elf Conjurer on July 21, 2021.
             Was an Elder of Vehumet.
             Shot with an arrow by a centaur warrior (24 damage)
             ... on level 13 of the Dungeon on July 22, 2021.
             The game lasted 00:50:04 (18360 turns).

Sobieck the Thaumaturge (Deep Elf Conjurer)        Turns: 18360, Time: 00:50:05

Health: -13/68     AC:  7    Str:  6    XL:     12   Next: 83%
Magic:  14/30      EV: 14    Int: 33    God:    Vehumet [****..]
Gold:   875        SH:  0    Dex: 13    Spells: 13/35 levels left

rFire   . . .      SeeInvis .   C - +11 trident of the Land of Plenty {spect, rPois, polearm}
rCold   . . .      Faith    .   (no shield)
rNeg    . . .      Spirit   .   H - +0 robe of Honesty {Regen+}
rPois   +          Reflect  .   Q - +0 helmet
rElec   .          Harm     .   o - +1 cloak
rCorr   .          Rampage  .   F - +0 pair of gloves
Will    +....                   k - +0 pair of boots
Stlth   ++........              S - amulet of the acrobat
HPRegen 1.21/turn               n - ring of wizardry
MPRegen 0.22/turn               t - +6 ring of intelligence

@: no status effects
A: no striking features
a: Renounce Religion


You were on level 13 of the Dungeon.
You worshipped Vehumet.
Vehumet was greatly pleased with you.
You visited 2 branches of the dungeon, and saw 14 of its levels.
You also visited: Sewer.

You collected 875 gold pieces.


   Skills:
 - Level 5.0 Fighting
 - Level 6.0 Polearms
 - Level 6.0 Dodging
 - Level 3.0 Stealth
 + Level 3.8 Shields
 - Level 12.0 Spellcasting
 - Level 10.0 Conjurations
 - Level 3.0 Translocations
 - Level 10.0 Fire Magic
 + Level 9.0 Earth Magic
 - Level 6.0 Evocations


You had 13 spell levels left.
You knew the following spells:

 Your Spells              Type           Power      Damage    Failure   Level
a - Magic Dart            Conj           100%       1d8       1%          1
b - Searing Ray           Conj           100%       3d7       1%          2
c - Iskenderun's Mystic   Conj/Tloc      58%        2d12      1%          4
d - Fulminant Prism       Conj/Hex       25%        3d14      1%          4
e - Foxfire               Conj/Fire      100%       2x1d9     1%          1
f - Fireball              Conj/Fire      36%        3d15      1%          5
g - Bolt of Magma         Conj/Fire/Erth 35%        4d15      1%          5

Your spell library contained the following spells:

 Spells                   Type           Power      Damage    Failure   Level
 Beastly Appendage        Tmut           38%        N/A       1%          1
 Sublimation of Blood     Necr           9%         N/A       1%          2
 Wereblood                Tmut           19%        N/A       1%          2
 Dazzling Flash           Conj/Hex       100%       N/A       1%          3
 Hailstorm                Conj/Ice       51%        3d11      1%          4
 Ozocubu's Armour         Ice            19%        N/A       2%          3
 Spider Form              Tmut/Pois      9%         N/A       2%          3
 Tukima's Dance           Hex            19%        N/A       2%          3
 Passage of Golubria      Tloc           N/A        N/A       2%          4
 Yara's Violent Unravell  Hex/Tmut       9%         3d6       8%          5
 Ice Form                 Ice/Tmut       19%        N/A       9%          4
 Metabolic Englaciation   Hex/Ice        9%         N/A       26%         5
 Simulacrum               Ice/Necr       9%         N/A       77%         6
 Summon Hydra             Summ           9%         N/A       99%         7

Inventory:

Hand Weapons
 l - a +4 dagger of freezing {short}
   (You took it off a wight on level 4 of the Dungeon)
 C - the +11 trident of the Land of Plenty (weapon) {spect, rPois, polearm}
   (You found it in a sewer)

   When its wielder attacks, the weapon's spirit leaps out and strikes again.
   The spirit shares a part of any damage it takes with its wielder.
   rPois:     It protects you from poison.
 P - the +6 mace of Ascent {holy, rF+, mace}
   (You found it on level 8 of the Dungeon)

   It has been blessed by the Shining One to cause great damage to the undead
   and demons.
   rF:        It protects you from fire.
Missiles
 c - 288 stones {throwing}
 d - a throwing net {=f!fthrowing}
 e - 101 sling bullets
 p - 327 arrows
 u - 96 poisoned darts {throwing}
 J - 14 curare-tipped darts {=fthrowing}
 K - 100 bolts
 T - 18 boomerangs {throwing}
Armour
 k - a +0 pair of boots (worn)
   (You found it on level 10 of the Dungeon)
 o - a +1 cloak (worn)
   (You took it off Crazy Yiuf on level 2 of the Dungeon)
 s - a +0 buckler
   (You found it on level 11 of the Dungeon)
 y - a +0 buckler
   (You took it off a gnoll sergeant on level 12 of the Dungeon)
 F - a +0 pair of gloves (worn)
   (You found it on level 6 of the Dungeon)
 H - the +0 robe of Honesty (worn) {Regen+}
   (You found it on level 6 of the Dungeon)

   Regen:     It increases your rate of health regeneration.
 Q - a +0 helmet (worn)
   (You found it on level 9 of the Dungeon)
Magical Staves
 a - a staff of cold {!astaff}
   (You took it off Fannar on level 11 of the Dungeon)
 v - a staff of air {!astaff}
   (You found it on level 5 of the Dungeon)
Jewellery
 n - a ring of wizardry (left hand)
   (You found it on level 3 of the Dungeon)
 t - a +6 ring of intelligence (right hand)
   (You took it off a kobold on level 4 of the Dungeon)
 S - an amulet of the acrobat (around neck)
   (You found it on level 9 of the Dungeon)
 W - a ring of flight
   (You found it on level 11 of the Dungeon)
Wands
 q - a wand of mindburst (24)
   (You found it on level 5 of the Dungeon)
 I - a wand of polymorph (10)
   (You found it on level 7 of the Dungeon)
 L - a wand of charming (7)
   (You found it on level 7 of the Dungeon)
 M - a wand of digging (11)
   (You found it on level 7 of the Dungeon)
 N - a wand of flame (17)
   (You took it off an orc warrior on level 10 of the Dungeon)
 Y - a wand of acid (6)
   (You found it on level 11 of the Dungeon)
Scrolls
 f - 2 scrolls of vulnerability {!r!r}
 i - 7 scrolls of teleportation {@r4}
 j - 2 scrolls of enchant armour
 z - 2 scrolls of fog
 E - 2 scrolls of fear
 O - a scroll of holy word {unknown}
 X - a scroll of blinking {!r}
Potions
 b - 2 potions of flight
 g - 2 potions of might {unknown}
 h - 2 potions of mutation {!q}
 m - 3 potions of curing {@q1}
 r - a potion of heal wounds {@q2}
 w - 2 potions of cancellation {unknown}
 x - 4 potions of berserk rage {!q}
 A - 4 potions of invisibility
 B - a potion of attraction {unknown}
 G - 3 potions of magic
 R - 2 potions of ambrosia {unknown}
 U - a potion of lignification {unknown}
 Z - 2 potions of brilliance {unknown}
Miscellaneous
 V - a phial of floods
   (You found it on level 9 of the Dungeon)

Dungeon Overview and Level Annotations

Branches:
Dungeon (13/15)            Temple (0/1) D:6            Lair (1/6) D:9
    Orc (0/2) D:9           Sewer (visited)
 Vaults: D:13-14

Altars:
Ashenzari
Fedhas
Hepliaklqana
Kikubaaqudgha
Nemelex Xobeh
Okawaru
Qazlal
Ru
Trog
Uskayaw
Vehumet
Wu Jian
Yredelemnul
The Shining One

Shops:
D:3 *=[*

Annotations:
D:10 Erica

... # #.# #####.# #.#
#≈≈≈#.# #.# #≈≈≈≈.##
#.# #≈≈≈≈≈.## ###.##
≈≈≈≈≈..## #....##
##≈≈≈≈≈^.##
#)#..v####.≈≈≈≈≈...#
#....v@.c'..≈≈≈≈≈..+
####<#...####..≈≈≈≈≈..#
#.......## ##..≈≈≈≈.#
#<##.#.## ##.≈≈≈≈≈#
#.##.#.# ##≈≈≈≈≈#
#.##.#.# ##c≈≈≈#
#.##...# #≈≈≈≈#
#.###..# #≈≈≈≈#
#.###..# #≈≈≈≈#


You could see a centaur warrior (ally target).


Message History

Your Earth Magic skill increases to level 9! 😎 MP[+2]
You regained 2 mp, and now have 27/30 mp.
No target in view!
Unknown command.
Things that are here:
a +0 dagger {short}; an elf corpse 😎 MP[+1]
There is a stone staircase leading up here.
You start resting. 😎 MP[+2]
Your mp is fully restored (30).
You climb upwards.
There is a stone staircase leading down here.
Okay, then.
Unknown command.
(D) Dungeon (T) Temple (L) Lair (O) Orcish Mines
Where to? (Enter - D:13, ? - help)
You climb downwards.
There is a stone staircase leading up here.
You open the door.
There is an open door here.
You enter the shallow water.
Moving in this stuff is going to be slow.
A centaur warrior comes into view.
The centaur warrior shouts!
The centaur warrior wields a +3 shortbow.
The centaur warrior shoots an arrow.
The arrow completely misses you.
The centaur warrior shoots an arrow.
The arrow hits you!!
The centaur warrior shoots an arrow.
The arrow misses you. 😮 HP[-24]
You take 24 damage, and now have 44/68 hp.
MASSIVE DAMAGE!! (PAUSE) 😮 HP[+2]
You regained 2 hp, and now have 46/68 hp. 😮 HP[+1] 😮 HP[+1] 😮 HP[+2]
You regained 2 hp, and now have 50/68 hp.
The centaur warrior shoots an arrow.
The arrow hits you!!
* * * LOW HITPOINT WARNING * * *
There is an open door, spattered with blood here. 😨 HP[-21]
You take 21 damage, and now have 29/68 hp.
MASSIVE DAMAGE!! (PAUSE)
The centaur warrior shoots an arrow.
The arrow hits you.
* * * LOW HITPOINT WARNING * * *
The centaur warrior shoots an arrow.
The arrow hits you!
* * * LOW HITPOINT WARNING * * *
😱 HP[-18]
You take 18 damage, and now have 11/68 hp.
MASSIVE DAMAGE!! (PAUSE)
You close the door. 😱 HP[+1]
You feel much better. 😮 HP[+30]
You regained 30 hp, and now have 42/68 hp. 😮 HP[+1]
A centaur warrior opens the door. 😮 HP[+1]
Casting: Magic Dart (safe; 1% risk of failure)
Confirm with . or Enter, or press ? or * to list all spells.
Aiming: Fireball (safe; 1% risk of failure)
Press: ? - help, Shift-Dir - straight line, f - centaur warrior
Aim: a centaur warrior, wielding a +3 shortbow and quivering arrows The fireball explodes!
The fireball engulfs the centaur warrior!!
The centaur warrior shoots an arrow.
The arrow closely misses you. 😮 HP[+1] MP[-5]
You lost 5 mp, and now have 25/30 mp.
Casting: Fireball (safe; 1% risk of failure)
Confirm with . or Enter, or press ? or * to list all spells.
Aiming: Fireball (safe; 1% risk of failure)
Press: ? - help, Shift-Dir - straight line, f/p - centaur warrior
Aim: a centaur warrior, wielding a +3 shortbow and quivering arrows (heavily wounded)
The fireball explodes!
The fireball engulfs the centaur warrior!!
The centaur warrior shoots an arrow.
The arrow hits you!
* * * LOW HITPOINT WARNING * * *
😨 HP[-16] MP[-5]
You take 16 damage, and now have 29/68 hp.
MASSIVE DAMAGE!! (PAUSE)
You lost 5 mp, and now have 20/30 mp.
Casting: Fireball (safe; 1% risk of failure)
Confirm with . or Enter, or press ? or * to list all spells.
Aiming: Bolt of Magma (dangerous; 1% risk of failure)
Press: ? - help, Shift-Dir - straight line, f/p - centaur warrior
Aim: a centaur warrior, wielding a +3 shortbow and quivering arrows (almost dead, 79% to hit)
The bolt of magma misses the centaur warrior.
The centaur warrior shoots an arrow.
The arrow hits you!!
* * * LOW HITPOINT WARNING * * *
😱 HP[-19] MP[-5]
You take 19 damage, and now have 10/68 hp.
MASSIVE DAMAGE!! (PAUSE)
You lost 5 mp, and now have 15/30 mp.
Casting: Bolt of Magma (dangerous; 1% risk of failure)
Confirm with . or Enter, or press ? or * to list all spells.
You conjure some foxfire!
The centaur warrior shoots an arrow.
The arrow hits you!!
You die...

Skill      XL: |  1  2  3  4  5  6  7  8  9 10 11 12 |
---------------+-------------------------------------+-----
Spellcasting   | 4 6 7 9 10 12 | 12.0
Conjurations   | 5 6 7 8 10 | 10.0
Translocations | 1 3 |  3.0
Fighting       | 1 5 |  5.0
Stealth        | 3 |  3.0
Dodging        | 6 |  6.0
Evocations     | 6 |  6.0
Polearms       | 4 6 |  6.0
Fire Magic     | 3 10 | 10.0
Earth Magic    | 5 9 |  9.0
Shields        | 3 |  3.8

Action                   |  1- 3 |  4- 6 |  7- 9 | 10-12 || total
-------------------------+-------+-------+-------+-------++-------
Melee: Club              |     1 |     3 |       |       ||     4
       Dagger            |       |       |     2 |       ||     2
       Trident           |       |       |     9 |   153 ||   162
 Cast: Magic Dart        |    78 |    42 |   122 |     4 ||   246
       Searing Ray       |     3 |    13 |    42 |    15 ||    73
       Foxfire           |       |       |   146 |   285 ||   431
       Fireball          |       |       |       |    34 ||    34
       Bolt of Magma     |       |       |       |    37 ||    37
       Iskenderun's Myst |       |       |       |     1 ||     1
  Use: Scroll            |       |     7 |     7 |     6 ||    20
       Potion            |       |       |       |     3 ||     3
 Stab: Sleeping          |       |       |       |     4 ||     4
Armor: Robe              |     1 |     3 |     9 |    24 ||    37
Dodge: Dodged            |     3 |     7 |    26 |   161 ||   197

Levels and vault maps discovered:
D:1:      lightli_arrival_statuegarden, layout_basic, hangedman_glass_teeth,
          minmay_misc_feat_cross
D:2:      layout_basic, uniq_sigmund, uniq_crazy_yiuf_cottage
D:3:      layout_loops_ring, pf_just_have_faith, serial_shops, shop_fountains,
          nicolae_shop_crystal, nicolae_shop_temple_entry_statues_fountains,
          shop
D:4:      minmay_inner_zag, layout_basic, lemuel_mausoleum_altar_yredelemnul,
          lemuel_doored_altar, vehumet_statue,
          nicolae_wu_jian_immortal_techniques, kiku_gazebo_garden_becter,
          hangedman_decor_slide_cut
D:5:      layout_basic, worldfamousw_hep_ancestral_shrine, minmay_misc_feat_x,
          due_unseen_surprise, uniq_eustachio
D:6:      layout_gridville, overflow_temple_1_default, temple_fountains,
          portal_sewer_entry_a, minmay_increasing_density, uniq_blork_the_orc,
          uniq_edmund
D:7:      layout_basic, nicolae_tso_besieged_by_evil
D:8:      layout_layer_cave, nicolae_uskayaw_dance_studio,
          mainiacjoe_overflow_six_doors_small
D:9:      layout_grid_maze, kennysheep_little_box, fedhas_altar_3,
          erik_lair_island, kennysheep_orc_monster_closet_entryway, minivault_26
D:10:     layout_irregular_city, chequers_serial_rivers_micro_c, uniq_grum,
          uniq_joseph, uniq_erica
D:11:     layout_loops_corners, uniq_psyche, uniq_erolcha, uniq_fannar,
          uniq_sonja
D:12:     layout_long_grid, gauntlet_entry_generic, serial_bayou_pond_e,
          kennysheep_okawaru_gauntlet
D:13:     wander_river, layout_loops_corners, grunt_vaults_entry_fortified
Lair:1:   layout_cave_pods, infiniplex_staircase_pool_2, grunt_megastairs_3

Notes
Turn   | Place    | Note
-------+----------+-------------------------------------------
     0 | D:1      | Sobieck the Deep Elf Conjurer began the quest for the Orb.
     0 | D:1      | Reached XP level 1. HP: 10/10 MP: 6/6
     0 | D:1      | magus.rc [v1.9.6]
   483 | D:1      | Reached XP level 2. HP: 15/15 MP: 4/8
   670 | D:1      | Learned a level 2 spell: Searing Ray
  1415 | D:1      | Reached skill level 4 in Spellcasting
  1502 | D:2      | Reached skill level 5 in Conjurations
  1502 | D:2      | Reached XP level 3. HP: 19/19 MP: 7/10
  1997 | D:2      | Found a runed translucent door.
  1998 | D:2      | Noticed Crazy Yiuf
  2080 | D:2      | Noticed Sigmund
  2084 | D:2      | Killed Sigmund
  2085 | D:2      | Reached skill level 6 in Spellcasting
  2085 | D:2      | Reached skill level 6 in Conjurations
  2085 | D:2      | Reached XP level 4. HP: 9/24 MP: 7/14
  2085 | D:2      | Reached XP level 5. HP: 11/28 MP: 7/15
  2785 | D:2      | Killed Crazy Yiuf
  2983 | D:3      | Reached XP level 6. HP: 32/32 MP: 11/17
  3003 | D:3      | Learned a level 4 spell: Iskenderun's Mystic Blast
  3093 | D:3      | Found Laoppynk's Antique Armour Shoppe.
  3113 | D:3      | Learned a level 4 spell: Fulminant Prism
  3150 | D:3      | Found Vom Pock's Jewellery Emporium.
  3217 | D:3      | Found Toroecag's General Store.
  3316 | D:3      | Found a bloodstained altar of Trog.
  3560 | D:3      | Found Kehu's Assorted Antiques.
  3850 | D:4      | Reached skill level 7 in Spellcasting
  4141 | D:4      | Reached skill level 7 in Conjurations
  4237 | D:4      | Reached XP level 7. HP: 33/36 MP: 14/20
  4269 | D:4      | Found a basalt altar of Yredelemnul.
  4386 | D:4      | Reached skill level 8 in Spellcasting
  4765 | D:4      | Reached skill level 8 in Conjurations
  4820 | D:4      | Found a radiant altar of Vehumet.
  4837 | D:4      | Became a worshipper of Vehumet
  4916 | D:4      | Found an ancient bone altar of Kikubaaqudgha.
  4960 | D:4      | You add the spells Tukima's Dance, Passage of Golubria and
                  | Yara's Violent Unravelling to your library.
  4961 | D:4      | Identified the +1 ring mail of the Shoals {rC- Will+
                  | Regen+}
  5018 | D:4      | Found a sacrificial altar of Ru.
  5044 | D:4      | Reached skill level 9 in Spellcasting
  5090 | D:4      | Reached skill level 1 in Translocations
  5308 | D:4      | Reached XP level 8. HP: 41/41 MP: 14/23
  5574 | D:4      | Found an ornate altar of the Wu Jian Council.
  5653 | D:5      | Entered Level 5 of the Dungeon
  5925 | D:5      | Reached skill level 2 in Translocations
  6294 | D:5      | Reached skill level 3 in Translocations
  6504 | D:5      | Reached skill level 10 in Spellcasting
  6504 | D:5      | Reached skill level 9 in Conjurations
  6881 | D:5      | Found a hazy altar of Hepliaklqana.
  6893 | D:5      | Reached * piety under Vehumet
  6893 | D:5      | Offered knowledge of Sandblast by Vehumet.
  6926 | D:5      | Noticed Eustachio
  6937 | D:5      | Killed Eustachio
  6938 | D:5      | Reached skill level 10 in Conjurations
  6938 | D:5      | Reached skill level 1 in Fighting
  7035 | D:6      | Reached XP level 9. HP: 48/48 MP: 17/25
  7204 | D:6      | Noticed Blork the orc
  7212 | D:6      | Reached skill level 3 in Stealth
  7290 | D:6      | Killed Blork the orc
  7291 | D:6      | Reached skill level 2 in Fighting
  7291 | D:6      | Reached skill level 3 in Dodging
  7413 | D:6      | Found a glowing drain.
  7456 | Sewer    | Entered a sewer
  7626 | Sewer    | Identified the +11 trident of the Land of Plenty {spect,
                  | rPois}
  7664 | Sewer    | Offered knowledge of Foxfire by Vehumet.
  7722 | Sewer    | Reached ** piety under Vehumet
  7962 | D:6      | Reached skill level 4 in Dodging
  8159 | D:5      | Learned a level 1 spell: Foxfire
  8201 | D:5      | Reached skill level 3 in Fighting
  8404 | D:6      | Noticed Edmund
  8428 | D:6      | Killed Edmund
  8431 | D:6      | Reached skill level 11 in Spellcasting
  8809 | D:6      | Reached skill level 4 in Fighting
  8955 | D:6      | Offered knowledge of Inner Flame by Vehumet.
  9214 | D:6      | Found a staircase to the Ecumenical Temple.
  9545 | D:6      | Identified the +0 robe of Honesty {Regen+}
  9664 | D:6      | Found a sparkling altar of Nemelex Xobeh.
  9690 | D:6      | Reached skill level 12 in Spellcasting
  9694 | D:6      | Reached skill level 5 in Fighting
  9882 | D:7      | Noticed a two-headed ogre
  9894 | D:7      | Killed a two-headed ogre
  9895 | D:7      | Reached skill level 6 in Dodging
  9895 | D:7      | Reached XP level 10. HP: 59/59 MP: 18/28
  9977 | D:7      | Reached *** piety under Vehumet
  9984 | D:7      | Reached skill level 1 in Evocations
 10068 | D:7      | Reached skill level 2 in Evocations
 10080 | D:7      | Reached skill level 3 in Evocations
 10259 | D:7      | Found a glowing golden altar of the Shining One.
 10297 | D:7      | Offered knowledge of Stone Arrow by Vehumet.
 10925 | D:8      | Reached skill level 4 in Evocations
 11153 | D:8      | Found a hide-covered altar of Uskayaw.
 11162 | D:8      | Reached skill level 5 in Evocations
 11198 | D:8      | Reached skill level 6 in Evocations
 11206 | D:8      | Reached skill level 1 in Polearms
 11209 | D:8      | Reached **** piety under Vehumet
 11229 | D:8      | Reached skill level 2 in Polearms
 11340 | D:7      | Reached skill level 3 in Polearms
 11571 | D:8      | Offered knowledge of Fireball by Vehumet.
 11589 | D:8      | Learned a level 5 spell: Fireball
 11860 | D:8      | Identified the +6 mace of Ascent {holy, rF+}
 11872 | D:8      | Found a broken altar of Ashenzari.
 12203 | D:9      | Reached skill level 1 in Fire Magic
 12242 | D:9      | Reached skill level 4 in Polearms
 12242 | D:9      | Reached skill level 2 in Fire Magic
 12275 | D:9      | Found a staircase to the Lair.
 12455 | D:9      | Reached skill level 3 in Fire Magic
 12455 | D:9      | Reached XP level 11. HP: 63/63 MP: 24/29
 12542 | D:9      | Reached skill level 4 in Fire Magic
 12555 | Lair:1   | Entered Level 1 of the Lair of Beasts
 12657 | Lair:1   | Reached skill level 5 in Fire Magic
 12730 | Lair:1   | Reached skill level 6 in Fire Magic
 12758 | Lair:1   | HP: 15/63 [poisoned by a black mamba]
 12760 | Lair:1   | HP: 1/63 [black mamba (13)]
 12922 | D:9      | Reached skill level 7 in Fire Magic
 13176 | D:9      | Found a stormy altar of Qazlal.
 13193 | D:9      | Reached skill level 8 in Fire Magic
 13209 | D:9      | Noticed a two-headed ogre
 13215 | D:9      | Killed a two-headed ogre
 13215 | D:9      | Reached ***** piety under Vehumet
 13215 | D:9      | Offered knowledge of Bolt of Magma by Vehumet.
 13278 | D:9      | Learned a level 5 spell: Bolt of Magma
 13294 | D:9      | Found a blossoming altar of Fedhas.
 13504 | D:9      | You pick up a book of Winter and begin reading...
 13504 | D:9      | You add the spells Ozocubu's Armour, Metabolic Englaciation
                  | and Simulacrum to your library.
 13625 | D:9      | Reached skill level 1 in Earth Magic
 13692 | D:9      | Found a staircase to the Orcish Mines.
 13985 | D:10     | Entered Level 10 of the Dungeon
 14021 | D:10     | Noticed Grum
 14035 | D:10     | Reached skill level 9 in Fire Magic
 14037 | D:10     | Reached skill level 2 in Earth Magic
 14179 | D:10     | Noticed a two-headed ogre
 14199 | D:10     | Killed a two-headed ogre
 14200 | D:10     | Reached skill level 3 in Earth Magic
 14393 | D:10     | Noticed Joseph
 14398 | D:10     | Killed Joseph
 14694 | D:10     | Reached skill level 4 in Earth Magic
 14714 | D:10     | Noticed a two-headed ogre
 14717 | D:10     | Killed a two-headed ogre
 14808 | D:10     | Noticed Erica
 15001 | D:10     | You pick up a book of Blood and begin reading...
 15001 | D:10     | You add the spells Sublimation of Blood, Wereblood and
                  | Summon Hydra to your library.
 15015 | D:10     | Reached skill level 10 in Fire Magic
 15017 | D:10     | Reached skill level 5 in Earth Magic
 15024 | D:10     | Reached XP level 12. HP: 57/68 MP: 18/30
 15078 | D:10     | Upgraded the game from 0.27-a0-1612-gde56a17b89 to
                  | 0.28-a0-2-g643f2454ad
 15078 | D:10     | magus.rc [v1.9.6]
 15137 | D:10     | Killed Grum
 15427 | D:11     | Noticed a two-headed ogre
 15438 | D:11     | Killed a two-headed ogre
 15439 | D:11     | Reached skill level 6 in Earth Magic
 15509 | D:11     | You pick up a book of Changes and begin reading...
 15509 | D:11     | You add the spells Beastly Appendage and Spider Form to
                  | your library.
 15586 | D:11     | Noticed Sonja
 15599 | D:11     | Killed Sonja
 15640 | D:11     | Noticed Psyche
 15643 | D:11     | Killed Psyche
 16019 | D:11     | Noticed a two-headed ogre
 16027 | D:11     | Killed a two-headed ogre
 16028 | D:11     | Reached skill level 5 in Polearms
 16028 | D:11     | Reached skill level 7 in Earth Magic
 16030 | D:11     | HP: 15/68 [centaur/arrow (8)]
 16345 | D:11     | Noticed Erolcha
 16349 | D:11     | Killed Erolcha
 16515 | D:11     | Reached skill level 1 in Shields
 16702 | D:11     | Noticed Fannar
 16706 | D:11     | Killed Fannar
 16950 | D:12     | Reached skill level 8 in Earth Magic
 16978 | D:12     | Reached skill level 2 in Shields
 17336 | D:12     | You pick up a book of the Tundra and begin reading...
 17336 | D:12     | You add the spells Hailstorm and Ice Form to your library.
 17567 | D:12     | Noticed a boulder beetle
 17574 | D:12     | Killed a boulder beetle
 17575 | D:12     | Reached skill level 6 in Polearms
 17575 | D:12     | Reached skill level 3 in Shields
 17994 | D:12     | Found an iron altar of Okawaru.
 18312 | D:13     | Reached skill level 9 in Earth Magic
 18346 | D:13     | Noticed a centaur warrior
 18352 | D:13     | HP: 11/68 [centaur warrior/arrow (14)]
 18359 | D:13     | HP: 10/68 [centaur warrior/arrow (21)]
 18360 | D:13     | Shot with an arrow by a centaur warrior

Vanquished Creatures
  Fannar (D:11)
  A boulder beetle (D:12)
  Erolcha (D:11)
  6 two-headed ogres
  Sonja (D:11)
  2 deep elf pyromancers
  A cyclops (D:12)
  An ugly thing (D:12)
  2 black mambas (Lair:1)
  Joseph (D:10)
  A gargoyle (D:12)
  Psyche (D:11)
  A komodo dragon (D:11)
  3 kobold demonologists
  3 trolls
  4 blink frogs (Lair:1)
  5 slime creatures (D:12)
  A wraith (D:12)
  Sigmund (D:2)
  A shadow (D:11)
  Eustachio (D:5)
  4 steam dragons
  14 yaks
  Grum (D:10)
  2 vampire mosquitoes (D:11)
  Edmund (D:6)
  2 acid dragons
  2 water moccasins
  11 orc warriors
  A sky beast (D:6)
  4 necrophages
  7 ogres
  6 wolves
  12 centaurs
  11 kobold brigands
  Blork the orc (D:6)
  6 bullfrogs
  4 gnoll sergeants
  3 scorpions
  7 killer bees
  7 wights
  3 electric eels (D:9)
  2 bullfrog zombies (D:7)
  A crimson imp (D:7)
  7 howler monkeys
  A centaur zombie (D:5)
  A bullfrog skeleton (D:6)
  A human zombie (D:4)
  4 jellies
  4 hounds
  8 orc priests
  2 centaur skeletons (D:7)
  Crazy Yiuf (D:2)
  2 iguanas (D:4)
  10 orc wizards
  2 scorpion zombies (D:4)
  A statue (D:4)
  3 hound zombies (D:4)
  2 mummies (D:4)
  11 gnolls
  11 adders
  2 shadow imps
  2 white imps
  2 ufetubi
  An adder skeleton (D:4)
  An adder zombie (D:5)
  6 worms
  2 dart slugs
  34 orcs
  9 ball pythons
  10 endoplasms
  4 giant cockroaches
  11 goblins
  3 hobgoblins
  3 jackals (D:3)
  38 kobolds
  3 quokkas
  8 bats
  2 frilled lizards
  2 goblin skeletons (D:7)
  A goblin zombie (D:7)
  3 hobgoblin zombies (D:7)
  3 kobold skeletons (D:7)
  2 kobold zombies (D:7)
  2 orc skeletons (D:7)
  An orc zombie (D:7)
  6 rats
383 creatures vanquished.

Vanquished Creatures (others)
  745 foxfires
  9 fungi (D:9)
  4 plants
  3 withered plants (D:4)
761 creatures vanquished.

Grand Total: 1144 creatures vanquished

Table legend:
 A = Non-vault XP
 B = Vault XP
 C = Vault XP percentage of total XP
 D = Non-vault monster count
 E = Vault monster count
 F = Vault count percentage of total count
                 A         B        C        D         E       F
            +---------+---------+-------+---------+---------+-------
      Total |   25922 |    9495 |  26.8 |     265 |     118 |  30.8
            +---------+---------+-------+---------+---------+-------
        D:1 |      39 |       0 |   0.0 |      21 |       0 |   0.0
        D:2 |      63 |     266 |  80.9 |      19 |       2 |   9.5
        D:3 |      43 |       0 |   0.0 |       8 |       0 |   0.0
        D:4 |     335 |     746 |  69.0 |      21 |      18 |  46.2
        D:5 |    1110 |     220 |  16.5 |      17 |       1 |   5.6
        D:6 |    1409 |     881 |  38.5 |      31 |      16 |  34.0
        D:7 |    2184 |      62 |   2.8 |      23 |      15 |  39.5
        D:8 |    2069 |     106 |   4.9 |      21 |       4 |  16.0
        D:9 |    2672 |    2271 |  45.9 |      28 |      21 |  42.9
       D:10 |    3997 |    1003 |  20.1 |      25 |       5 |  16.7
       D:11 |    3898 |    3212 |  45.2 |      22 |       4 |  15.4
       D:12 |    5473 |       3 |   0.1 |      21 |       2 |   8.7
       D:13 |     574 |       0 |   0.0 |       1 |       0 |   0.0
     Lair:1 |    2056 |     400 |  16.3 |       7 |       6 |  46.2
      Sewer |       0 |     325 | 100.0 |       0 |      24 | 100.0
            +---------+---------+-------+---------+---------+-------

Illustrated notes

Table legend:
 A = Kills in this place as a percentage of kills in entire the game.
 B = Kills by you in this place as a percentage of kills by you in the entire game.
 C = Kills by friends in this place as a percentage of kills by friends in the entire game.
 D = Other kills in this place as a percentage of other kills in the entire game.
 E = Experience gained in this place as a percentage of experience gained in the entire game.
 F = Experience gained in this place divided by the number of levels of this place that you have seen.
                   A       B       C       D       E      F
               +-------+-------+-------+-------+-------+----------------------
         Total | 100.0 | 100.0 |   N/A |   N/A | 100.0 | 2361.1
       Dungeon |  90.3 |  90.3 |   N/A |   N/A |  92.1 | 2510.5
          Lair |   3.4 |   3.4 |   N/A |   N/A |   6.9 | 2456.0
         Sewer |   6.3 |   6.3 |   N/A |   N/A |   0.9 | 325.0
               +-------+-------+-------+-------+-------+----------------------

Table legend: (Time is in decaauts)
 A = Elapsed time spent in this place.
 B = Non-inter-level travel time spent in this place.
 C = Inter-level travel time spent in this place.
 D = Time resting spent in this place.
 E = Time spent auto-exploring this place.
 F = Levels seen in this place.
 G = Mean time per level.
                   A        B        C        D        E       F      G
               +--------+--------+--------+--------+--------+-----+--------+
         Total |  18439 |  17889 |    550 |   4607 |  10416 |  15 | 1229.3 |
       Dungeon |  17558 |  17008 |    550 |   4205 |  10161 |  13 | 1350.6 |
          Lair |    428 |    428 |      0 |    249 |     83 |   1 |  428.0 |
         Sewer |    451 |    451 |      0 |    153 |    170 |   1 |  451.0 |
               +--------+--------+--------+--------+--------+-----+--------+

Top non-repeatable levels by time:
     D:4: 1937 daAuts
     D:5: 1894 daAuts
     D:6: 1837 daAuts
     D:9: 1575 daAuts
     D:1: 1515 daAuts
    D:10: 1504 daAuts
    D:11: 1433 daAuts
     D:2: 1339 daAuts
    D:12: 1300 daAuts
     D:7: 1159 daAuts
     D:8: 1109 daAuts
     D:3: 862 daAuts
   Sewer: 451 daAuts
  Lair:1: 428 daAuts
    D:13: 89 daAuts
